 Dungeon Crawl Stone Soup version 0.23-a0-629-gae4348f (webtiles) character file.

71590 Ragbag the Thrower (level 14, 0/106 HPs)
             Began as a Demonspawn Hunter on Dec 27, 2018.
             Was a High Priest of Okawaru.
             Killed by divine providence
             ... invoked by a meliai
              (13 damage)
             ... on level 13 of the Dungeon.
             The game lasted 02:17:08 (30265 turns).

Ragbag the Thrower (Demonspawn Hunter)             Turns: 30265, Time: 02:17:09

Health: 0/106      AC: 38    Str: 17    XL:     14   Next: 98%
Magic:  19/19      EV:  6    Int: 17    God:    Okawaru [*****.]
Gold:   1945       SH: 20    Dex: 25    Spells: 12/13 levels left

rFire    + . .     SeeInvis .   X - +4 morningstar of Untimely Demise {distort, rElec rPois}
rCold    + . .     Gourm    .   h - +2 shield {AC+3}
rNeg     . . .     Faith    .   t - +8 plate armour of Okawaru's Castigation {rC+ Dex+3 Stlth-}
rPois    +         Spirit   .   b - +2 hat
rElec    +         Reflect  +   O - +1 cloak
rCorr    .         Harm     .   I - +1 pair of gloves
MR       +....                  y - +2 pair of boots {Stlth+}
Stlth    ..........             G - +4 amulet of reflection
HPRegen  0.27/turn              F - ring of fire
MPRegen  0.16/turn              d - ring "Uphexke" {AC+3 Dex+8}

@: lethally poisoned (0 -> -6)
A: claws 1, hooves 2, horns 2, clever 2, cold resistance 1, rot immunity,
freezing cloud immunity
a: Heroism, Finesse, Renounce Religion


You were on level 13 of the Dungeon.
You worshipped Okawaru.
Okawaru was extremely pleased with you.
You were not hungry.

You visited 3 branches of the dungeon, and saw 21 of its levels.

You collected 2169 gold pieces.
You spent 224 gold pieces at shops.

Inventory:

Hand Weapons
 c - a +5 war axe of flaming
 X - the +4 morningstar of Untimely Demise (weapon) {distort, rElec rPois}
   (You found it on level 1 of the Lair of Beasts)

   It warps and distorts space around it.
   Unwielding it can cause banishment or high damage.
   It insulates you from electricity.
   It protects you from poison.
Missiles
 i - 3 throwing nets
 M - 10 javelins of penetration
 N - 7 javelins
 T - 17 tomahawks (quivered)
 V - 7 javelins of returning
Armour
 b - a +2 hat (worn)
 h - a +2 shield of protection (worn)
 t - the +8 plate armour of Okawaru's Castigation (worn) {rC+ Dex+3 Stlth-}
   (Okawaru gifted it to you on level 1 of the Orcish Mines)

   It affects your dexterity (+3).
   It protects you from cold.
   It makes you less stealthy.
 y - a +2 pair of boots of stealth (worn)
 I - a +1 pair of gloves (worn)
 J - a scarf of resistance
 O - a +1 cloak (worn)
 U - a +0 pair of boots of flying
 Z - a +3 chain mail
Jewellery
 d - the ring "Uphexke" (right hand) {AC+3 Dex+8}
   (You found it on level 6 of the Dungeon)

   [ring of protection]

   It affects your AC (+3).
   It affects your dexterity (+8).
 e - an uncursed ring of protection from cold
 p - a +5 ring of strength
 A - an uncursed ring of resist corrosion
 F - a ring of fire (left hand)
 G - a +4 amulet of reflection (around neck)
 Y - a +2 ring of protection
Wands
 a - a wand of paralysis (7)
 m - a wand of scattershot (9)
 v - a wand of enslavement (5)
 C - a wand of polymorph (8)
 D - a wand of digging (3)
 E - a wand of iceblast (17)
 K - a wand of flame (53)
 S - a wand of disintegration (16)
 W - a wand of clouds (5)
Scrolls
 g - a scroll of identify
 j - a scroll of fog
 n - 11 scrolls of remove curse
 q - 2 scrolls of amnesia
 x - 5 scrolls of magic mapping
 z - a scroll of blinking
 B - 4 scrolls of teleportation
Potions
 k - 7 potions of curing
 l - 5 potions of brilliance
 r - 2 potions of ambrosia
 s - 6 potions of heal wounds
 u - 7 potions of lignification
 w - 3 potions of magic
 H - a potion of resistance
 P - a potion of might
Comestibles
 f - 29 rations
 o - 7 chunks of flesh


   Skills:
 + Level 8.6 Fighting
   Level 0.3 Short Blades
 + Level 8.7 Maces & Flails
 + Level 14.1 Throwing
 * Level 10.1 Armour
 - Level 1.9 Dodging
 - Level 0.8 Stealth
 + Level 12.5 Shields
 - Level 7.0 Invocations
 - Level 0.6 Evocations


You had 12 spell levels left.
You knew the following spells:

 Your Spells              Type           Power        Failure   Level  Hunger
a - Confusing Touch       Hex            #.....       100%        1    ##.....

Your spell library contained the following spells:

 Spells                   Type           Power        Failure   Level  Hunger
 Corona                   Hex            #......      100%        1    ##.....
 Freeze                   Ice            #...         100%        1    ##.....
 Infusion                 Chrm           #...         100%        1    ##.....
 Magic Dart               Conj           #...         100%        1    ##.....
 Pain                     Necr           #...         100%        1    ##.....
 Sting                    Conj/Pois      #...         100%        1    ##.....
 Blink                    Tloc           N/A          100%        2    ###....
 Call Imp                 Summ           #.......     100%        2    ###....
 Shroud of Golubria       Chrm/Tloc      #.........   100%        2    ###....
 Slow                     Hex            #.......     100%        2    ###....
 Song of Slaying          Chrm           #.......     100%        2    ###....
 Confuse                  Hex            #.......     100%        3    ####...
 Conjure Flame            Conj/Fire      #.......     100%        3    ####...
 Gell's Gravitas          Tloc           #.........   100%        3    ####...
 Inner Flame              Hex/Fire       #.......     100%        3    ####...
 Mephitic Cloud           Conj/Pois/Air  #.......     100%        3    ####...
 Portal Projectile        Hex/Tloc       #.....       100%        3    ####...
 Regeneration             Chrm/Necr      #.........   100%        3    ####...
 Spectral Weapon          Hex/Chrm       #.......     100%        3    ####...
 Cause Fear               Hex            #.........   100%        4    #####..
 Leda's Liquefaction      Hex/Erth       #.........   100%        4    #####..
 Petrify                  Tmut/Erth      #.......     100%        4    #####..
 Summon Ice Beast         Ice/Summ       #.......     100%        4    #####..
 Bolt of Magma            Conj/Fire/Erth #.........   100%        5    ######.
 Metabolic Englaciation   Hex/Ice        #.........   100%        5    ######.
 Yara's Violent Unravell  Hex/Tmut       #.........   100%        5    ######.
 Freezing Cloud           Conj/Ice/Air   #.........   100%        6    #######
 Iron Shot                Conj/Erth      #.........   100%        6    #######
 Ozocubu's Refrigeration  Ice            #.........   100%        6    #######
 Statue Form              Tmut/Erth      #........    100%        6    #######
 Shatter                  Erth           #.........   100%        9    #######


Dungeon Overview and Level Annotations

Branches:
Dungeon (13/15)            Temple (0/1) D:5            Lair (6/6) D:11
 Shoals (0/4) Lair:2       Spider (0/4) Lair:2        Slime (0/5) Lair:5
    Orc (2/2) D:10            Elf (0/3) Orc:2
 Vaults: D:13-14

Altars:
Ashenzari
Cheibriados
Fedhas
Gozag
Okawaru
Qazlal
Ru
Sif Muna
Uskayaw
Vehumet
Xom
The Shining One
Beogh

Shops:
D:4 [   D:7 :::   D:12 !?}   Orc:2 (:*:}

Annotations:
D:1 exclusion: 2 downstairs
D:2 1 runed door, exclusion: downstairs, Sigmund
D:4 exclusion: downstairs
D:6 exclusion: downstairs
D:7 exclusion: 2 downstairs, Killmatronix's ghost, novice DsHu
D:12 3 runed doors, Ratty's ghost, journeyman MiFi
Lair:1 1 runed door, Protee's ghost, journeyman DsSk
Orc:2 1 runed door, arkorax's ghost, adept VSMo


Innate Abilities, Weirdness & Mutations

You have sharp fingernails.
You have hoof-like feet.
You have a pair of horns on your head.
Your flesh is cold resistant. (rC+)
You are immune to rotting.
You are immune to freezing clouds.
Your mind is very acute. (Int +4)


Message History

You block the meliai's attack. The meliai barely misses you.
The bullfrog hits you but does no damage.
There is an open door, spattered with blood here.
You see here a hippogriff corpse.
You feel much better. The meliai hits you but does no damage.
You block the meliai's attack. The meliai hits you but does no damage.
You block the meliai's attack.
The meliai invokes the aid of its god against you.
Something smites you!
* * * LOW HITPOINT WARNING * * *
The meliai hits you but does no damage. The meliai stings you.
* * * LOW HITPOINT WARNING * * *
You are poisoned.
The meliai poisons you! You block the bullfrog's attack.
You block the meliai's attack.
The meliai stings you but does no damage.
You feel sick. You block the meliai's attack. x2
The meliai invokes the aid of its god against you.
Something smites you!
You die...

+.....# #.....
#.....# ###.....
#.....# ###.'.....
#.....# ###...#.....
#.....###.....##+###
#.....'...#.........
#..Fy.### #.........
##y# #......... #y@#
#......... #.##
##....))... ###'#####
#.......... #.......#
#..........
#.......###..........
+....?..'............
#.......###..........
###'##### #..........
#.# ####.##.###


You could see 3 meliai and a bullfrog.

Vanquished Creatures
  Rupert (Orc:2)
  Snorg (Lair:5)
  An anaconda (Lair:6)
  3 centaur warriors
  2 two-headed ogres
  3 hydras
  An ogre mage (Orc:2)
  Erica (Orc:1)
  Urug (Lair:3)
  A tengu warrior (D:13)
  A fire crab (Lair:6)
  4 skeletal warriors (D:12)
  3 unseen horrors
  3 orc knights
  An orange crystal statue (D:13)
  3 oklob plants
  2 orc sorcerers (Orc:1)
  A cyclops (D:10)
  2 manticores
  4 elephants (Lair:5)
  2 black mambas
  A merfolk siren (Lair:2)
  2 gargoyles
  15 spiny frogs
  A rime drake (Lair:6)
  A kobold demonologist (D:12)
  9 komodo dragons
  7 trolls
  A merfolk (Lair:2)
  9 polar bears (Lair:6)
  4 raiju (Lair:6)
  4 slime creatures (D:12)
  8 blink frogs
  3 dream sheep
  5 hippogriffs
  A shadow (D:11)
  A vampire (D:11)
  A wyvern (D:11)
  2 wraiths
  Eustachio (D:6)
  45 yaks
  3 basilisks
  4 hungry ghosts
  2 steam dragons (Lair:6)
  10 wargs
  3 acid dragons
  A soldier ant (D:11)
  12 water moccasins
  11 hell hounds (Lair:6)
  A swamp drake (Lair:6)
  An ice beast (D:12)
  9 porcupines
  25 orc warriors
  An eye of draining (D:12)
  4 sky beasts
  10 black bears (Lair:6)
  A necrophage (D:11)
  2 phantoms
  An eye of draining (shapeshifter) (D:13)
  10 centaurs
  14 ogres
  29 wolves
  9 crocodiles
  13 bullfrogs
  3 big kobolds (D:12)
  A gnoll sergeant (D:10)
  A scorpion (D:9)
  13 wights
  25 killer bees
  An electric eel (Lair:2)
  9 howler monkeys
  14 crimson imps
  3 centaur zombies
  2 bullfrog zombies (D:7)
  2 quasits
  2 jellies (Lair:5)
  2 centaur skeletons
  5 hounds
  13 orc priests
  7 iguanas
  3 bullfrog skeletons
  Terence (D:3)
  10 worker ants
  21 orc wizards
  A hound zombie (D:7)
  3 hound skeletons
  A howler monkey zombie (D:5)
  3 worker ant zombies
  22 gnolls
  12 adders
  A shadow imp (D:7)
  6 oozes
  An adder skeleton (D:5)
  A worm (D:5)
  2 dart slugs
  3 leopard geckos
  100 orcs
  8 giant cockroaches
  10 goblins
  14 hobgoblins
  6 jackals
  4 quokkas
  A ball python (D:2)
  9 bats
  6 frilled lizards
  12 kobolds
  A leopard gecko skeleton (D:4)
  8 rats
  6 plants
717 creatures vanquished.

Vanquished Creatures (others)
  Nessos (Lair:5)
  A fire dragon (Lair:6)
  A hydra (Lair:5)
  A swamp dragon (Lair:6)
  A spiny frog (Lair:5)
  A komodo dragon (Lair:6)
  A slime creature (D:12)
  A yak (Lair:6)
  A warg (Lair:6)
  2 hell hounds (Lair:6)
  A black bear (Lair:6)
  7 orc warriors
  An ogre (Orc:2)
  A wolf (Lair:6)
  4 centaurs
  An orc wizard (D:7)
  3 orcs
  A kobold (D:12)
  A bush (Lair:6)
  7 fungi
  18 plants
56 creatures vanquished.

Grand Total: 773 creatures vanquished

Notes
Turn   | Place    | Note
-------+----------+-------------------------------------------
     0 | D:1      | Ragbag the Demonspawn Hunter began the quest for the Orb.
     0 | D:1      | Reached XP level 1. HP: 16/16 MP: 1/1
    88 | D:1      | Reached skill level 4 in Throwing
   223 | D:1      | Gained mutation: Your flesh is cold resistant. (rC+)
                  | [demonic ancestry]
   223 | D:1      | Reached XP level 2. HP: 22/22 MP: 2/2
   590 | D:1      | Gained mutation: You have a pair of small horns on your
                  | head. [demonic ancestry]
   590 | D:1      | Reached XP level 3. HP: 24/27 MP: 3/3
  1311 | D:2      | Noticed Sigmund
  1527 | D:2      | Reached skill level 1 in Armour
  1893 | D:2      | Reached XP level 4. HP: 34/34 MP: 4/4
  2118 | D:2      | Found a runed door.
  2791 | D:3      | Noticed Terence
  2825 | D:3      | Killed Terence
  2825 | D:3      | Reached XP level 5. HP: 34/39 MP: 5/5
  3108 | D:3      | Reached skill level 5 in Throwing
  3371 | D:3      | Found a stormy altar of Qazlal.
  3371 | D:3      | Found a blossoming altar of Fedhas.
  3372 | D:3      | Found an opulent altar of Gozag.
  4373 | D:3      | Reached skill level 1 in Shields
  4610 | D:4      | Noticed an ogre
  4681 | D:2      | Gained mutation: You have a pair of horns on your head.
                  | [demonic ancestry]
  4681 | D:2      | Reached XP level 6. HP: 44/46 MP: 6/6
  5604 | D:4      | Found a hide-covered altar of Uskayaw.
  5679 | D:4      | Found a shattered altar of Ashenzari.
  5681 | D:4      | Found a snail-covered altar of Cheibriados.
  5682 | D:4      | Found a glowing golden altar of the Shining One.
  5805 | D:4      | Found a radiant altar of Vehumet.
  5887 | D:4      | Found Hacs's Armour Emporium.
  5902 | D:5      | Entered Level 5 of the Dungeon
  6062 | D:5      | Reached skill level 6 in Throwing
  6073 | D:5      | Reached XP level 7. HP: 47/52 MP: 7/7
  6273 | D:5      | Found an iron altar of Okawaru.
  6311 | D:5      | Became a worshipper of Warmaster Okawaru
  6321 | D:5      | Found a staircase to the Ecumenical Temple.
  7102 | D:6      | Got a crude marble ring
  7160 | D:6      | Gained mutation: You are immune to rotting. [demonic
                  | ancestry]
  7160 | D:6      | Reached XP level 8. HP: 47/58 MP: 8/8
  7476 | D:6      | Reached * piety under Okawaru
  7554 | D:6      | Noticed Eustachio
  7562 | D:6      | Killed Eustachio
  7562 | D:6      | Reached skill level 7 in Throwing
  7831 | D:6      | Identified the ring "Uphexke" {AC+3 Dex+8} (You found it on
                  | level 6 of the Dungeon)
  7873 | D:5      | Got a heavily runed leather armour
  7884 | D:5      | Identified the +2 leather armour "Rymoruwi" {Dex+5 SInv}
                  | (You found it on level 5 of the Dungeon)
  8193 | D:7      | Found Eppav's Book Boutique.
  8545 | D:7      | Found a shimmering altar of Xom.
  8691 | D:6      | Reached skill level 1 in Invocations
  8701 | D:6      | Reached skill level 5 in Armour
  8916 | D:6      | Reached skill level 5 in Shields
  8916 | D:6      | Gained mutation: You have large cloven feet. [demonic
                  | ancestry]
  8916 | D:6      | Reached XP level 9. HP: 65/65 MP: 9/9
  8944 | D:7      | Found Yngidat's Book Shoppe.
  9145 | D:7      | Reached skill level 8 in Throwing
  9698 | D:7      | Found Taafino's Book Shop.
  9735 | D:7      | Found a deep blue altar of Sif Muna.
  9960 | D:7      | Identified Sif Muna's Reference Book on Intoxication
 10048 | D:7      | Found a runed gate.
 10049 | D:7      | Found a runed gate.
 10049 | D:7      | Identified the cursed +1 battleaxe of Zudwud {speed, +Inv
                  | Dex+2}
 10049 | D:7      | Noticed Killmatronix's ghost (novice DsHu)
 10050 | D:7      | Found a runed gate.
 10064 | D:7      | Found a roughly hewn altar of Beogh.
 10138 | D:7      | Reached ** piety under Okawaru
 10380 | D:8      | Found a sacrificial altar of Ru.
 12259 | D:8      | Reached XP level 10. HP: 73/73 MP: 9/11
 12267 | D:8      | Reached skill level 9 in Throwing
 12860 | D:9      | Reached skill level 5 in Fighting
 13304 | D:10     | Entered Level 10 of the Dungeon
 13316 | D:10     | Reached *** piety under Okawaru
 14269 | D:10     | Found a staircase to the Orcish Mines.
 14289 | D:10     | Received a gift from Okawaru
 14478 | D:10     | Reached skill level 10 in Throwing
 14478 | D:10     | Gained mutation: You have hoof-like feet. [demonic
                  | ancestry]
 14478 | D:10     | Reached XP level 11. HP: 81/81 MP: 13/13
 14664 | D:10     | Reached **** piety under Okawaru
 14827 | D:10     | Noticed a two-headed ogre
 14837 | D:10     | Killed a two-headed ogre
 14979 | D:11     | Reached skill level 5 in Invocations
 14982 | D:11     | Received a gift from Okawaru
 15078 | D:11     | Reached ***** piety under Okawaru
 15093 | D:11     | Found a staircase to the Lair.
 15093 | D:11     | Noticed an oklob plant
 15093 | D:11     | Noticed an oklob plant
 15188 | D:11     | Received a gift from Okawaru
 15674 | D:11     | Reached skill level 11 in Throwing
 16226 | D:12     | Found Viohait's Magic Scroll Emporium.
 16226 | D:12     | Found Yscher's Distillery.
 16245 | D:12     | Received a gift from Okawaru
 16298 | D:12     | Noticed a skeletal warrior
 16298 | D:12     | Noticed a skeletal warrior
 16299 | D:12     | Noticed a skeletal warrior
 16420 | D:12     | Noticed a two-headed ogre
 16420 | D:12     | Noticed a skeletal warrior
 16431 | D:11     | Killed a two-headed ogre
 16619 | D:11     | Killed an oklob plant
 16619 | D:11     | Received a gift from Okawaru
 16644 | D:11     | Killed an oklob plant
 16644 | D:11     | Gained mutation: You are immune to freezing clouds.
                  | [demonic ancestry]
 16644 | D:11     | Reached XP level 12. HP: 82/89 MP: 15/15
 16677 | Lair:1   | Entered Level 1 of the Lair of Beasts
 16715 | Lair:1   | Found a runed door.
 16881 | Lair:1   | Found a shimmering altar of Xom.
 16881 | Lair:1   | Noticed Protee's ghost (journeyman DsSk)
 17316 | Lair:1   | Got a translucent morningstar
 17317 | Lair:1   | Identified the +4 morningstar of Untimely Demise {distort,
                  | rElec rPois} (You found it on level 1 of the Lair of
                  | Beasts)
 17710 | Lair:1   | Reached skill level 10 in Shields
 17991 | Lair:2   | Found a hole to the Spider Nest.
 18142 | Lair:2   | Reached skill level 1 in Maces & Flails
 18331 | Lair:2   | Found a stormy altar of Qazlal.
 18651 | Lair:2   | Found a staircase to the Shoals.
 18664 | Lair:2   | Reached skill level 12 in Throwing
 18945 | Lair:3   | Noticed Urug
 18956 | Lair:3   | Killed Urug
 18956 | Lair:3   | Received a gift from Okawaru
 20097 | Lair:4   | Received a gift from Okawaru
 20574 | Lair:5   | Found a staircase to the Slime Pits.
 20592 | Lair:5   | Received a gift from Okawaru
 20697 | Lair:5   | Noticed an eight-headed hydra
 20703 | Lair:5   | Killed an eight-headed hydra
 20744 | Lair:5   | Gained mutation: You have sharp fingernails. [demonic
                  | ancestry]
 20744 | Lair:5   | Reached XP level 13. HP: 96/96 MP: 16/16
 20768 | Lair:5   | Noticed Nessos
 20773 | Lair:5   | Killed Nessos
 20831 | Lair:5   | Received a gift from Okawaru
 20831 | Lair:5   | Reached skill level 5 in Maces & Flails
 20961 | Lair:5   | Received a gift from Okawaru
 21279 | Lair:5   | Noticed Snorg
 21397 | Lair:5   | Killed Snorg
 21397 | Lair:5   | Received a gift from Okawaru
 21669 | D:4      | Bought a +2 hat for 224 gold pieces
 21974 | Lair:6   | Entered Level 6 of the Lair of Beasts
 21991 | Lair:5   | Reached skill level 13 in Throwing
 22118 | Lair:6   | Reached ****** piety under Okawaru
 22347 | Lair:6   | Received a gift from Okawaru
 23871 | Lair:6   | Received a gift from Okawaru
 23968 | Lair:6   | Received a gift from Okawaru
 24388 | Lair:6   | Received a gift from Okawaru
 24970 | Lair:6   | Reached XP level 14. HP: 94/105 MP: 17/17
 25491 | Lair:6   | Identified Fynluini's Incunabulum of Frigorific Evil
                  | Secrets
 25495 | Lair:6   | Learned a level 1 spell: Confusing Touch
 26252 | Orc:1    | Entered Level 1 of the Orcish Mines
 26605 | Orc:2    | Entered Level 2 of the Orcish Mines
 26668 | Orc:2    | Found a staircase to the Elven Halls.
 26740 | Orc:2    | Found Bekurr's Antique Weapon Boutique.
 26830 | Orc:2    | Noticed Rupert
 26832 | Orc:2    | Paralysed by Rupert for 2 turns
 26837 | Orc:2    | Paralysed by Rupert for 6 turns
 26845 | Orc:2    | HP: 5/105 [poisoned by Rupert]
 27754 | Orc:2    | Killed Rupert
 27979 | Orc:2    | Found a runed door.
 27981 | Orc:2    | Found a shimmering altar of Xom.
 27981 | Orc:2    | Noticed arkorax's ghost (adept VSMo)
 28125 | Orc:2    | Found Ichesih's Book Shoppe.
 28125 | Orc:2    | Found Luhugy's General Store.
 28127 | Orc:2    | Found Dowo's Book Boutique.
 28129 | Orc:2    | Found Xegix's Gadget Emporium.
 28361 | Orc:1    | Found a runed door.
 28362 | Orc:1    | Noticed Erica
 28371 | Orc:1    | Killed Erica
 28493 | Orc:1    | Received a gift from Okawaru
 28514 | Orc:1    | Got an encrusted plate armour {god gift}
 28525 | Orc:1    | Identified the +8 plate armour of Okawaru's Castigation
                  | {rC+ Dex+3 Stlth-} (Okawaru gifted it to you on level 1 of
                  | the Orcish Mines)
 28569 | Orc:1    | Found a roughly hewn altar of Beogh.
 28591 | Orc:1    | Gained mutation: Armour fits poorly on your strangely
                  | shaped body. [potion of mutation]
 28591 | Orc:1    | Gained mutation: Your spells are a little easier to cast,
                  | but a little less powerful. [potion of mutation]
 28591 | Orc:1    | Gained mutation: Your muscles are strong. (Str +2) [potion
                  | of mutation]
 28592 | Orc:1    | Lost mutation: Your spells are a little easier to cast, but
                  | a little less powerful. [potion of mutation]
 28592 | Orc:1    | Lost mutation: Your muscles are strong. (Str +2) [potion of
                  | mutation]
 28592 | Orc:1    | Lost mutation: Armour fits poorly on your strangely shaped
                  | body. [potion of mutation]
 28592 | Orc:1    | Gained mutation: Your mind is acute. (Int +2) [potion of
                  | mutation]
 28592 | Orc:1    | Gained mutation: Your mind is very acute. (Int +4) [potion
                  | of mutation]
 28717 | D:12     | Found Kiyruew's Gadget Shoppe.
 28920 | D:12     | Found a runed gate.
 28922 | D:12     | Found a runed gate.
 28927 | D:12     | Found a runed gate.
 28928 | D:12     | Noticed Ratty's ghost (journeyman MiFi)
 29186 | D:12     | Reached skill level 14 in Throwing
 29818 | D:13     | Reached skill level 10 in Armour
 30263 | D:13     | HP: 5/106 [meliai/divine providence (11)]
 30265 | D:13     | Killed from afar by a meliai

Vault maps used:
D:1:      saegor_arrival_miasma, chequers_serial_rivers_large_b
D:2:      cheibrodos_greedy_goblins, serial_glass, glass_columns_a,
          glass_columns_a, uniq_crazy_yiuf_cottage, uniq_sigmund
D:3:      nicolae_overflow_hidden_temple, uniq_terence
D:4:      minitemple, eat_drink_and_be_merry_uskayaw, marbit_many_paths,
          serial_shops, kennysheep_mini_moat, first_ration
D:5:      minmay_diamond_boxcup, overflow_temple_1_default,
          minmay_temple_entry_metal_lava
D:6:      uniq_eustachio
D:7:      xom_teletrap_fun, led_sif_book, serial_shops, shop,
          kennysheep_little_box, nicolae_shop_waterfront,
          biasface_ghost_orc_armoury
D:8:      kennysheep_mini
D:10:     minmay_orc_entry_guard_dogs, st_stairs_1, grunt_ogre_cave,
          minmay_circle_x
D:11:     dpeg_oklobed_lair
D:12:     serial_shops, nicolae_shop_statue_plus, shop, shop,
          gammafunk_ghost_hydra_chop, kennysheep_windowed_goal
D:13:     david_vaults_4, minivault_16, uniq_maurice
Lair:1:   ebering_ghost_xom, grunt_megastairs_5
Lair:2:   elwin_shoals_entry_rooms, spider_nest_entry_web_field, basic_altar
Lair:3:   uniq_urug
Lair:4:   infiniplex_staircase_pool_2
Lair:5:   nicolae_slime_entry_slimehenge, uniq_nessos, uniq_snorg
Lair:6:   guppyfry_lair_end_dragon, hangedman_lair_caniforms_friends,
          minmay_lair_oklob_items, minivault_19
Orc:1:    lightli_church_of_beogh, uniq_erica
Orc:2:    st_orc_rangers, ebering_ghost_xom, serial_shops, shop, abandoned_shop,
          mines4_lemuel, uniq_rupert

Skill      XL: |  1  2  3  4  5  6  7  8  9 10 11 12 13 14 |
---------------+-------------------------------------------+-----
Throwing       | 4 5 6 7 8 10 11 12 13 14 | 14.1
Armour         | 1 2 3 4 5 6 8 9 10 | 10.1
Shields        | 1 2 3 5 7 8 9 10 11 12 | 12.5
Fighting       | 3 4 5 6 7 8 |  8.6
Invocations    | 1 2 3 5 7 |  7.0
Maces & Flails | 4 7 8 |  8.7
Short Blades   | |  0.3
Dodging        | |  1.9
Stealth        | |  0.8
Evocations     | |  0.6

Action                   |  1- 3 |  4- 6 |  7- 9 | 10-12 | 13-15 || total
-------------------------+-------+-------+-------+-------+-------++-------
Melee: Short sword       |    93 |   218 |   322 |       |       ||   633
       Headbutt          |     9 |    52 |    95 |   138 |   196 ||   490
       War axe           |       |       |   174 |   378 |       ||   552
       Kick              |       |       |    62 |   255 |   114 ||   431
       Morningstar       |       |       |       |   195 |   728 ||   923
Throw: Stone             |    57 |    47 |   107 |    49 |       ||   260
       Javelin           |     8 |    35 |    23 |    42 |   129 ||   237
       Throwing net      |     2 |     3 |     3 |     2 |     4 ||    14
       Tomahawk          |       |    39 |   106 |   278 |   413 ||   836
Invok: Heroism           |       |       |    12 |    21 |    13 ||    46
       Finesse           |       |       |       |       |     4 ||     4
Evoke: Wand              |       |       |       |     5 |       ||     5
  Use: Potion            |     1 |       |     4 |       |     7 ||    12
       Scroll            |       |     2 |    13 |     8 |     9 ||    32
 Stab: Sleeping          |     1 |       |       |       |       ||     1
       Held in net/web   |       |       |       |     1 |       ||     1
  Eat: Chunk             |     3 |    13 |    14 |    25 |    25 ||    80
       Ration            |       |       |     2 |     1 |     2 ||     5
Armor: Leather armour    |     6 |       |       |       |       ||     6
       Plate armour      |    54 |   158 |   374 |   262 |   340 ||  1188
       Chain mail        |       |       |       |       |   106 ||   106
Dodge: Dodged            |    28 |    13 |    64 |    87 |   178 ||   370
Block: Shield            |       |    95 |   419 |   571 |   924 ||  2009
       Reflection        |       |       |    10 |     5 |    56 ||    71

Table legend:
 A = Non-vault XP
 B = Vault XP
 C = Vault XP percentage of total XP
 D = Non-vault monster count
 E = Vault monster count
 F = Vault count percentage of total count
                 A         B        C        D         E       F
            +---------+---------+-------+---------+---------+-------
      Total |   66829 |   35443 |  34.7 |     556 |     184 |  24.9
            +---------+---------+-------+---------+---------+-------
        D:1 |      43 |       0 |   0.0 |      24 |       0 |   0.0
        D:2 |     118 |      18 |  13.2 |      26 |       9 |  25.7
        D:3 |     208 |      36 |  14.8 |      25 |       1 |   3.8
        D:4 |     192 |      40 |  17.2 |      13 |       1 |   7.1
        D:5 |     464 |     140 |  23.2 |      20 |       5 |  20.0
        D:6 |     902 |     196 |  17.9 |      24 |       1 |   4.0
        D:7 |    1465 |     119 |   7.5 |      29 |       9 |  23.7
        D:8 |    2189 |       0 |   0.0 |      38 |       0 |   0.0
        D:9 |    1443 |       0 |   0.0 |      21 |       0 |   0.0
       D:10 |    3438 |    2312 |  40.2 |      41 |       9 |  18.0
       D:11 |    6603 |    1084 |  14.1 |      46 |       2 |   4.2
       D:12 |    8805 |     136 |   1.5 |      45 |       1 |   2.2
       D:13 |    6009 |     760 |  11.2 |      29 |       2 |   6.5
     Lair:1 |    2653 |     870 |  24.7 |      16 |       3 |  15.8
     Lair:2 |    2079 |     759 |  26.7 |      11 |       2 |  15.4
     Lair:3 |    1717 |     867 |  33.6 |      12 |       1 |   7.7
     Lair:4 |    4830 |       0 |   0.0 |      22 |       0 |   0.0
     Lair:5 |    9961 |    2428 |  19.6 |      28 |       8 |  22.2
     Lair:6 |    8033 |   15108 |  65.3 |      32 |      73 |  69.5
      Orc:1 |    3553 |    1306 |  26.9 |      34 |      12 |  26.1
      Orc:2 |    2124 |    9264 |  81.3 |      20 |      45 |  69.2
            +---------+---------+-------+---------+---------+-------
